 Dungeon Crawl Stone Soup version 0.21-a0-615-g8e08f28 (webtiles) character file.

23 slep the Slasher (level 2, 0/22 HPs)
             Began as a Demonspawn Gladiator on Dec 23, 2017.
             Succumbed to an adder's poison
             ... on level 3 of the Dungeon.
             The game lasted 00:01:08 (281 turns).

slep the Slasher (Demonspawn Gladiator)              Turns: 281, Time: 00:01:09

Health: 0/22       AC: 13    Str: 14    XL:     2   Next: 75%
Magic:  2/2        EV:  4    Int:  9    God:
Gold:   24         SH:  0    Dex: 14    Spells: 1/1 levels left

rFire    . . .     SeeInvis .   a - +0 long sword
rCold    + . .     Gourm    .   (no shield)
rNeg     . . .     Faith    .   h - +0 plate armour (curse)
rPois    .         Spirit   .   c - +0 helmet
rElec    .         Reflect  .   (no cloak)
rCorr    .         Harm     .   (no gloves)
MR       .....                  (no boots)
Stlth    ..........             (no amulet)
HPRegen  0.07/turn              j - ring of protection from cold
MPRegen  0.08/turn              (no ring)

@: lethally poisoned (0 -> -5)
A: icy blue scales 1
a: no special abilities


You were on level 3 of the Dungeon.
You were not hungry.

You visited 1 branch of the dungeon, and saw 3 of its levels.

You collected 24 gold pieces.

Inventory:

Hand Weapons
 a - a +0 long sword (weapon)
Missiles
 d - 3 throwing nets (quivered)
Armour
 b - a +0 leather armour
 c - a +0 helmet (worn)
 h - a cursed +0 plate armour (worn)
Jewellery
 j - a ring of protection from cold (left hand)
Scrolls
 i - a scroll of identify {unknown}
 k - a scroll of teleportation {unknown}
Potions
 e - a potion of curing {unknown}
 g - a potion of flight {unknown}
Comestibles
 f - a ration


   Skills:
 + Level 2.2 Fighting
 + Level 3.1 Long Blades
 + Level 1.9 Throwing
 + Level 3.0 Dodging


You had one spell level left.
You didn't know any spells.

Dungeon Overview and Level Annotations

Branches:
Dungeon (3/15)

Altars:


Innate Abilities, Weirdness & Mutations

You are partially covered in icy blue scales. (AC +2)


Message History

The adder bites you but does no damage. x2
You closely miss the adder.
The adder is moderately wounded.
The adder bites you but does no damage. The adder bites you.
* * * LOW HITPOINT WARNING * * *
You are poisoned.
The adder poisons you!
You closely miss the adder.
The adder is moderately wounded.
* * * LOW HITPOINT WARNING * * *
You feel sick. The adder bites you.
* * * LOW HITPOINT WARNING * * *
You hit the adder.
The adder is heavily wounded.
The adder bites you.
* * * LOW HITPOINT WARNING * * *
The adder bites you but does no damage.
You slash the adder!
You kill the adder!
You die...

# # ### ..# #.#
..# ### . #
#######.... #
#..@.......
#.#######.#
#####.###
#.......# ##
#.###.#.# .# #.#
#)#.# .##
#.###.#.# ..#
#.#.(.#.#
#.########.......#


There were no monsters in sight!

Vanquished Creatures
  2 adders (D:3)
  A bat (D:1)
  A kobold (D:3)
  A quokka (D:3)
  A rat (D:3)
6 creatures vanquished.

Notes
Turn   | Place    | Note
-------+----------+-------------------------------------------
     0 | D:1      | slep the Demonspawn Gladiator began the quest for the Orb.
     0 | D:1      | Reached XP level 1. HP: 16/16 MP: 1/1
   262 | D:3      | Gained mutation: You are partially covered in icy blue scales. (AC +2) [demonic ancestry]
   262 | D:3      | Reached XP level 2. HP: 15/22 MP: 2/2
   280 | D:3      | HP: 1/22 [adder (2)]
   281 | D:3      | Succumbed to an adder's poison

Vault maps used:
D:1:      lemuel_arrival_broad_hall
D:2:      cheibriados_altar_1
D:3:      first_ration, eino_tiny_chamber, kennysheep_generic_room_15

Skill      XL: |  1 |
---------------+----+-----
Long Blades    | 3 |  3.1
Dodging        | 3 |  3.0
Fighting       | |  2.2
Throwing       | |  1.9

Action                   || total
-------------------------++-------
Melee: Long sword        ||    28
Armor: Plate armour      ||    20
       Leather armour    ||     7
Dodge: Dodged            ||     8
       Rpst.: Long sword ||     2

Table legend:
 A = Spawn XP
 B = Non-spawn XP
 C = Spawn XP percentage of total XP
 D = Spawn monster count
 E = Non-spawn monster count
 F = Spawn count percentage of total count
 G = Total turns spent on level
                    A         B        C        D         E        F      G
               +---------+---------+-------+---------+---------+-------+---------
         Total |       0 |      34 |   0.0 |       0 |       6 |   0.0 |   281
               +---------+---------+-------+---------+---------+-------+---------
           D:1 |       0 |       2 |   0.0 |       0 |       1 |   0.0 |    25
           D:3 |       0 |      32 |   0.0 |       0 |       5 |   0.0 |   233
               +---------+---------+-------+---------+---------+-------+---------
